 Dungeon Crawl Stone Soup version 0.26-a0-651-gb41185065b (webtiles) character file.

Game seed: 12121289789032065483

942271 Inarius the Axe Maniac (level 27, -9/242 HPs)
             Began as a Mummy Wanderer on Sept 25, 2020.
             Was the Champion of Makhleb.
             Killed from afar by a shard shrike (40 damage)
             ... with a shard of ice
             ... created by the effects of Hell
             ... on level 7 of Cocytus on Sept 29, 2020.
             The game lasted 03:27:47 (92161 turns).

Inarius the Axe Maniac (Mummy Wanderer)            Turns: 92161, Time: 03:27:47

Health: -9/242     AC: 44    Str: 38    XL:     27
Magic:  40/40      EV:  7    Int: 13    God:    Makhleb [******]
Gold:   11086      SH: 36    Dex: 18    Spells: 44/53 levels left

rFire    + + +     SeeInvis +   t - +3 broad axe "Edioqo Vagg" {speed, rF++ Str+4}
rCold    + + +     Faith    .   u - +8 tower shield
rNeg     + + +     Spirit   .   o - +9 scales of the Dragon King {rPois rF+ rC+ MR+}
rPois    ∞         Reflect  .   v - +2 helmet {SInv}
rElec    +         Harm     .   r - +0 cloak "Sasouger" {rN++ Str+4 Dex+2 SInv}
rCorr    .         Rampage  .   O - +4 pair of gloves of Hedge Wizardry {*Drain rF+ MR+ Dex+2}
MR       +++++                  Q - +2 pair of boots {run}
Stlth    ..........             B - amulet of Wubasua {rPois MR+ Regen+}
HPRegen  0.90/turn              l - +6 ring of strength
MPRegen  0.27/turn              P - ring of Suawn {+Blink rElec rF+ rC+}

@: about to teleport, studying Summonings, quick
A: no potions, fire vulnerability, cold resistance 1, negative energy resistance
3, torment resistance, unbreathing, in touch with death 2
}: 6/15 runes: serpentine, barnacled, slimy, silver, obsidian, abyssal
a: Minor Destruction, Lesser Servant of Makhleb, Major Destruction, Greater
Servant of Makhleb, Renounce Religion, Evoke Blink


You were on level 7 of Cocytus.
You worshipped Makhleb.
Makhleb was exalted by your worship.
You visited 15 branches of the dungeon, and saw 73 of its levels.
You visited the Abyss 4 times.
You also visited: Bailey, Gauntlet and Ice Cave.

You collected 12510 gold pieces.
You spent 1424 gold pieces at shops.

Inventory:

Hand Weapons
 t - the +3 broad axe "Edioqo Vagg" (weapon) {speed, rF++ Str+4}
   (You acquired it on level 11 of the Dungeon)

   Attacks with this weapon are significantly faster.
   It affects your strength (+4).
   It greatly protects you from fire.
 F - a +9 broad axe of freezing
 S - a +5 broad axe of electrocution
Armour
 d - the +0 pair of gloves of Deaki {Regen+}
   (You found it on level 5 of the Pits of Slime)

   It increases your rate of regeneration.
 o - the +9 scales of the Dragon King (worn) {rPois rF+ rC+ MR+}
   (You found it on level 4 of the Dungeon)

   It protects you from fire.
   It protects you from cold.
   It protects you from poison.
   It affects your resistance to hostile enchantments.
 r - the +0 cloak "Sasouger" (worn) {rN++ Str+4 Dex+2 SInv}
   (You acquired it on level 3 of the Lair of Beasts)

   It affects your strength (+4).
   It affects your dexterity (+2).
   It greatly protects you from negative energy.
   It lets you see invisible.
 u - a +8 tower shield (worn)
 v - a +2 helmet of see invisible (worn)
 O - the +4 pair of gloves of Hedge Wizardry (worn) {*Drain rF+ MR+ Dex+2}
   (Okawaru gifted it to you on level 4 of the Depths)

   It affects your dexterity (+2).
   It protects you from fire.
   It affects your resistance to hostile enchantments.
   It causes draining when unequipped.
 Q - a +2 pair of boots of running (worn)
 V - a +2 cloak of preservation
Jewellery
 c - an uncursed amulet of reflection
 l - a +6 ring of strength (left hand)
 n - the ring "Genloxon" {MR+ MP+9}
   (You took it off a fire giant on level 2 of the Depths)

   [ring of protection from magic]

   It affects your resistance to hostile enchantments.
   It affects your magic capacity (+9).
 q - the ring of the Tarantula {rCorr MP+9 Dex+2 SInv}
   (You took it off a deep elf elementalist on level 3 of the Elven Halls)

   [ring of resist corrosion]

   It affects your dexterity (+2).
   It affects your magic capacity (+9).
   It lets you see invisible.
   It provides partial protection from all sources of acid and corrosion.
 s - the ring of Zysmul {+Fly MP+9 Str+6 Int+2}
   (You took it off a tengu reaver on level 5 of the Vaults)

   [ring of magical power]

   It affects your strength (+6).
   It affects your intelligence (+2).
   It affects your magic capacity (+9).
   It lets you fly.
 w - the amulet of Discretion {Acrobat MR++ Str+2 Int-4}
   (You bought it in a shop on level 2 of the Orcish Mines)

   [amulet of the acrobat]

   It helps you evade while moving and waiting.
   It affects your strength (+2).
   It affects your intelligence (-4).
   It affects your resistance to hostile enchantments.
 B - the amulet of Wubasua (around neck) {rPois MR+ Regen+}
   (You found it on level 3 of the Crypt)

   [amulet of regeneration]

   It protects you from poison.
   It affects your resistance to hostile enchantments.
   It increases your rate of regeneration.
 C - a +6 ring of strength
 I - the ring "Panaky" {rElec rF+ rN+ Int+2 Slay+3}
   (You found it on level 3 of the Crypt)

   [ring of positive energy]

   It affects your intelligence (+2).
   It affects your accuracy and damage with ranged weapons and melee attacks
   (+3).
   It protects you from fire.
   It insulates you from electricity.
   It protects you from negative energy.
 P - the ring of Suawn (right hand) {+Blink rElec rF+ rC+}
   (You took it off a deep elf sorcerer on level 2 of the Elven Halls)

   [ring of protection from cold]

   It protects you from fire.
   It protects you from cold.
   It insulates you from electricity.
   It lets you blink.
 Y - an uncursed ring of protection from fire
Wands
 a - a wand of paralysis (79)
 p - a wand of digging (24)
 x - a wand of acid (25)
 y - a wand of iceblast (18)
 z - a wand of flame (90)
 A - a wand of disintegration (30)
 N - a wand of polymorph (30)
 X - a wand of enslavement (12)
Scrolls
 b - 19 scrolls of teleportation
 e - 36 scrolls of remove curse
 f - 6 scrolls of fog
 h - 5 scrolls of blinking
 i - 16 scrolls of amnesia
 j - 4 scrolls of enchant armour
 k - 7 scrolls of fear
 m - 11 scrolls of immolation
 G - 7 scrolls of torment
 H - 6 scrolls of vulnerability
 J - 2 scrolls of summoning
 L - 19 scrolls of identify
 M - 3 scrolls of silence
 W - 3 scrolls of brand weapon
 Z - a scroll of magic mapping
Books
 T - a manual of Summonings
Miscellaneous
 D - a box of beasts (2/3)
 E - a phial of floods
 K - a lightning rod (4/4)
 R - a phantom mirror
 U - a condenser vane (2/2)


   Skills:
 - Level 25.0 Fighting
   Level 2.4 Long Blades
 O Level 27 Axes
   Level 1.0(18.7) Maces & Flails
 - Level 1.5 Throwing
 + Level 16.1 Armour
 + Level 24.1 Shields
 * Level 13.7 Spellcasting
 * Level 10.0 Earth Magic
 * Level 15.8 Invocations
 - Level 12.2 Evocations


You had 44 spell levels left.
You knew the following spells:

 Your Spells              Type           Power        Failure   Level
a - Shatter               Erth           #####.....   100%        9

Your spell library contained the following spells:

 Spells                   Type           Power        Failure   Level
 Sandblast                Erth           #####.       1%          1
 Passwall                 Tmut/Erth      ###.....     14%         2
 Stone Arrow              Conj/Erth      ###...       28%         3
 Lee's Rapid Deconstruct  Erth           #####.....   32%         5
 Animate Skeleton         Necr           ###...       58%         1
 Apportation              Tloc           #.....       58%         1
 Corona                   Hex            #......      58%         1
 Foxfire                  Conj/Fire      #...         58%         1
 Freeze                   Ice            #...         58%         1
 Magic Dart               Conj           #...         58%         1
 Pain                     Necr           ###.         58%         1
 Shock                    Conj/Air       #...         58%         1
 Sting                    Tmut/Pois      #...         58%         1
 Summon Small Mammal      Summ           #...         58%         1
 Leda's Liquefaction      Hex/Erth       ###.......   67%         4
 Petrify                  Tmut/Erth      ###.....     67%         4
 Blink                    Tloc           N/A          73%         2
 Call Imp                 Summ           #.......     73%         2
 Corpse Rot               Necr/Air       N/A          73%         2
 Ensorcelled Hibernation  Hex/Ice        #.....       73%         2
 Poisonous Vapours        Pois/Air       #.....       73%         2
 Searing Ray              Conj           #.....       73%         2
 Slow                     Hex            #.......     73%         2
 Swiftness                Air            #.......     73%         2
 Call Canine Familiar     Summ           #.......     91%         3
 Confusing Touch          Hex            #.......     91%         3
 Conjure Flame            Conj/Fire      #.......     91%         3
 Dazzling Flash           Conj/Hex       #.....       91%         3
 Frozen Ramparts          Ice            #.....       91%         3
 Ignite Poison            Fire/Tmut/Pois #.......     91%         3
 Inner Flame              Hex/Fire       #.......     91%         3
 Lesser Beckoning         Tloc           #.........   91%         3
 Mephitic Cloud           Conj/Pois/Air  #.......     91%         3
 Ozocubu's Armour         Ice            #.......     91%         3
 Portal Projectile        Hex/Tloc       #.....       91%         3
 Static Discharge         Conj/Air       #.......     91%         3
 Summon Guardian Golem    Hex/Summ       #.......     91%         3
 Tukima's Dance           Hex            #.......     91%         3
 Vampiric Draining        Necr           ###.......   91%         3
 Bolt of Magma            Conj/Fire/Erth ###.......   99%         5
 Airstrike                Air            #.........   100%        4
 Animate Dead             Necr           ###.......   100%        4
 Cause Fear               Hex            #.........   100%        4
 Dispel Undead            Necr           ###.....     100%        4
 Fulminant Prism          Conj/Hex       #.........   100%        4
 Hailstorm                Conj/Ice       #.......     100%        4
 Iskenderun's Mystic Bla  Conj/Tloc      #.......     100%        4
 Olgreb's Toxic Radiance  Pois           #.......     100%        4
 Sticky Flame             Conj/Fire      #.......     100%        4
 Summon Ice Beast         Ice/Summ       #.......     100%        4
 Summon Lightning Spire   Summ/Air       #.......     100%        4
 Agony                    Necr           ###.....     100%        5
 Alistair's Intoxication  Tmut/Pois      #........    100%        5
 Fireball                 Conj/Fire      #.........   100%        5
 Irradiate                Conj/Tmut      #.........   100%        5
 Iskenderun's Battlesphe  Conj           #.......     100%        5
 Lightning Bolt           Conj/Air       #.........   100%        5
 Silence                  Hex/Air        #.........   100%        5
 Summon Forest            Summ/Tloc      #.........   100%        5
 Yara's Violent Unravell  Hex/Tmut       #.........   100%        5
 Eringya's Noxious Bog    Tmut/Pois      #.........   100%        6
 Freezing Cloud           Conj/Ice/Air   #.........   100%        6
 Invisibility             Hex            #.......     100%        6
 Iron Shot                Conj/Erth      ###.......   100%        6
 Shadow Creatures         Summ           N/A          100%        6
 Starburst                Conj/Fire      #.........   100%        6
 Haunt                    Necr/Summ      ###.......   100%        7
 Malign Gateway           Summ/Tloc      #.........   100%        7
 Monstrous Menagerie      Summ           #.........   100%        7
 Orb of Destruction       Conj           #.........   100%        7
 Spellforged Servitor     Conj/Summ      #.........   100%        7
 Summon Greater Demon     Summ           #.........   100%        7
 Summon Hydra             Summ           #.........   100%        7
 Chain Lightning          Conj/Air       #.........   100%        8
 Discord                  Hex            #.........   100%        8
 Ignition                 Fire           #.........   100%        8
 Infestation              Necr           ###.......   100%        8
 Lehudib's Crystal Spear  Conj/Erth      ###.......   100%        8
 Summon Horrible Things   Summ           #.........   100%        8
 Absolute Zero            Ice            #.........   100%        9
 Fire Storm               Conj/Fire      #.........   100%        9
 Tornado                  Air            #.........   100%        9
 Sublimation of Blood     Necr           Unusable     N/A         2
 Hydra Form               Tmut           Unusable     N/A         6
 Statue Form              Tmut/Erth      Unusable     N/A         6
 Dragon Form              Tmut           Unusable     N/A         7
 Borgnjor's Revivificati  Necr           Unusable     N/A         8
 Necromutation            Tmut/Necr      Unusable     N/A         8
 Death's Door             Necr           Unusable     N/A         9

Dungeon Overview and Level Annotations

Branches:
Dungeon (15/15)            Temple (1/1) D:6            Lair (6/6) D:11
 Shoals (4/4) Lair:3        Snake (4/4) Lair:3        Slime (5/5) Lair:6
    Orc (2/2) D:9             Elf (3/3) Orc:2        Vaults (5/5) D:13
  Crypt (3/3) Vaults:3       Tomb (0/3) Crypt:3      Depths (5/5) D:15
   Hell (visited)             Dis (0/7) Hell            Geh (7/7) Hell
    Coc (7/7) Hell            Tar (0/7) Hell            Zot (5/5) Depths:5
 Bailey (visited)           IceCv (visited)         Gauntlet (visited)

Altars:
Ashenzari
Dithmenos
Elyvilon
Fedhas
Gozag
Hepliaklqana
Kikubaaqudgha
Makhleb
Nemelex Xobeh
Okawaru
Qazlal
Sif Muna
Trog
Uskayaw
Vehumet
Wu Jian
Xom
Yredelemnul
Zin
The Shining One
Beogh
Jiyva

Shops:
Orc:1 (   Orc:2 *=([   Elf:1 [   Shoals:4 [   Snake:1 [}(=   Snake:4 !
Depths:5 }}=

Portals:
Hell: Depths:1 Depths:2 Depths:3 Depths:4 Depths:5
Abyss: Depths:4
Pandemonium: Depths:1 Depths:3 Depths:5
Ziggurat: Depths:3

Annotations:
D:10 1 runed translucent door, Tobisume's ghost, novice DsGl
D:15 3 runed translucent doors, Fotwosk's ghost, journeyman MiBe
Lair:2 Prince Ribbit
Lair:4 3 runed translucent doors, Eckutwi's ghost, journeyman DEIE
Elf:3 2 transporters, exclusion: orange crystal statue, PanSaczeczos's ghost, veteran MfMo
Depths:4 Mennas
Coc:7 exclusion: 2 ice statues
Abyss:1 Louise; Nuiffe Xitzo's ghost, journeyman DrEE; Saint Roka


Innate Abilities, Weirdness & Mutations

You do not drink.
Your flesh is vulnerable to fire.
You are immune to poison.
Your flesh is cold resistant. (rC+)
You are immune to negative energy. (rN+++)
You are immune to unholy pain and torment.
You can survive without breathing.
You are strongly in touch with the powers of death.


Message History

Unknown command.
Unknown command.
You slash the shard shrike!
The shard shrike is lightly wounded.
You block the shard shrike's attack.
Unknown command.
You miss the shard shrike.
The shard shrike is lightly wounded.
You slice the shard shrike!! You hit the shard shrike.
The shard shrike claws you but does no damage. x2
You block the shard shrike's attack.
Unknown command.
Unknown command.
You miss the shard shrike.
The shard shrike is lightly wounded.
The shard shrike screeches! x2
The shard shrike claws you but does no damage.
The shard shrike spits a shard of ice at you.
The shard of ice hits you!!! You partially resist.
You die...

**** #≈≈≈≈≈≈≈≈≈≈≈≈≈≈≈≈≈≈≈≈≈≈≈###
##≈≈≈≈≈≈≈≈≈≈≈≈≈≈≈≈≈≈≈≈≈≈≈≈##
######≈≈≈≈≈≈≈≈≈≈≈≈≈≈≈≈≈≈≈≈≈≈≈≈≈≈#
......≈≈≈≈≈≈≈≈≈≈≈≈≈≈≈≈≈≈≈≈≈≈≈≈≈≈≈
.......≈≈≈≈≈≈≈≈≈≈≈≈≈≈≈≈≈≈≈≈≈≈≈≈≈≈
≈≈≈≈≈..≈≈≈≈≈≈≈≈≈≈≈≈≈≈≈≈≈≈≈≈≈≈≈≈≈≈
8≈≈≈...≈≈≈≈≈≈≈≈≈b≈.≈≈≈≈≈≈≈≈≈≈≈≈≈≈
≈≈.......≈≈≈≈≈≈≈≈...≈≈≈≈≈≈≈≈≈≈≈≈≈
...........Y..Hb@....≈≈≈≈≈≈≈≈≈≈≈≈
≈≈.......≈≈≈≈≈≈≈≈...≈≈≈≈≈≈≈≈≈≈≈≈≈
8≈≈≈...≈≈≈≈≈≈≈≈b≈≈.≈≈≈≈≈≈≈≈≈≈≈≈≈≈
≈≈≈≈≈..≈≈≈≈≈≈≈≈≈≈≈≈≈≈≈≈≈≈###≈≈≈≈≈
.......≈≈≈≈≈≈≈≈≈≈≈≈≈≈≈≈### ###≈≈≈
......≈≈≈≈≈≈≈≈≈≈≈≈≈≈≈≈## ##≈≈
.....≈≈≈≈≈≈≈≈≈≈≈≈≈≈≈≈## *≈≈≈
###################### *###


You could see 3 shard shrikes, an ice beast (summoned) and a friendly mature
oxweird beast (summoned).

Vanquished Creatures
  Antaeus (Coc:7)
  Dissolution (Slime:2)
  Asmodeus (Geh:7)
  the Royal Jelly (Slime:5)
  the Serpent of Hell (Coc:7)
  3 orbs of fire (Zot:5)
  Mara (Abyss:1)
  11 ancient liches
  Sojobo (Depths:2)
  The ghost of p0werm0de the Slayer, a veteran MiFi of Jiyva (Zot:1)
  Frederick (Crypt:2)
  Margery (Depths:5)
  3 Killer Klowns
  Xtahua (Crypt:3)
  10 shard shrikes
  Vashnia (Abyss:1)
  2 caustic shrikes (Depths:2)
  4 curse toes
  Geryon (Hell)
  13 golden dragons
  Nikola (Shoals:3)
  the Enchantress (Depths:1)
  Jory (Vaults:2)
  9 bone dragons
  4 electric golems
  2 hellephants
  7 Brimstone Fiends
  20 tentacled monstrosities
  25 Orb Guardians (Zot:5)
  A shard shrike skeleton (Crypt:2)
  12 Ice Fiends
  19 liches
  7 deep elf master archers
  Asterion (Snake:4)
  Polyphemus (Abyss:1)
  5 deep elf blademasters
  18 titans
  20 acid blobs
  3 quicksilver dragons
  11 tentacled starspawn
  A death cob (Zot:3)
  9 ancient champions
  10 sphinxes
  Agnes (D:15)
  8 tengu reavers
  18 storm dragons
  13 shadow dragons
  16 nagarajas
  18 fire giants
  5 draconian monks
  18 azure jellies
  Roxanne (Snake:4)
  9 deep elf sorcerers
  2 revenants
  13 vault wardens
  2 iron dragons
  27 frost giants
  3 ghost moths
  6 draconian scorchers
  8 draconian knights
  Aizul (Snake:1)
  An emperor scorpion (shapeshifter) (Vaults:5)
  6 draconian stormcallers
  4 spriggan defenders
  10 ghouls
  47 stone giants
  9 balrugs
  5 draconian shifters
  14 ironheart preservers
  An elemental wellspring (Coc:7)
  A curse skull (Crypt:2)
  6 deep elf elementalists
  2 draconian annihilators
  18 reapers
  4 caustic shrike skeletons (Crypt:3)
  18 very ugly things
  2 war gargoyles
  10 green draconians
  5 yellow draconians
  8 deep elf annihilators
  17 deep elf demonologists
  3 vampire knights
  Azrael (Abyss:1)
  10 white draconians
  14 black draconians
  A dire elephant (shapeshifter) (Vaults:5)
  13 red draconians
  2 minotaurs
  5 purple draconians
  17 spark wasps
  9 ettins
  2 merfolk javelineers
  7 eidola
  14 deep elf death magi
  3 death oozes (Slime:5)
  8 blizzard demons
  A crystal guardian (Vaults:4)
  5 deep elf high priests
  8 merfolk impalers
  15 jiangshi
  5 quicksilver dragon zombies
  11 fire dragons
  20 great orbs of eyes
  A green death (Hell)
  10 rakshasas
  3 quicksilver dragon skeletons
  4 spriggan air magi
  22 ice dragons
  23 vault guards
  8 hydras
  A hell beast (Hell)
  24 yaktaur captains
  5 merfolk avatars
  2 catoblepae
  5 merfolk aquamancers
  9 naga warriors
  25 two-headed ogres
  An anaconda (shapeshifter) (Vaults:3)
  5 death knights
  29 dancing weapons
  11 deep troll shamans
  14 ogre magi
  15 large abominations
  9 anacondas
  6 centaur warriors
  3 satyrs
  4 tengu warriors
  9 death yaks
  19 hell hogs
  10 vampire magi
  13 thrashing horrors
  7 spriggan berserkers
  5 spriggans
  10 deep troll earth magi
  3 shock serpents
  3 titan zombies
  An orc high priest (Depths:2)
  15 naga sharpshooters
  11 sun demons
  4 storm dragon zombies
  7 titan skeletons
  39 hell knights
  28 deep elf knights
  5 soul eaters
  A shock serpent (shapeshifter) (Abyss:3)
  3 iron golems (Hell)
  9 wretched stars
  2 fire crabs (shapeshifter)
  4 sixfirhies
  3 salamander mystics
  78 skeletal warriors
  8 shadow wraiths
  An unseen horror (shapeshifter) (Vaults:4)
  5 storm dragon skeletons
  4 unseen horrors
  4 iron trolls
  24 deep trolls
  12 sea snakes
  11 anaconda zombies
  10 wizards
  3 spatial maelstroms
  9 glowing orange brains
  4 ghost moth zombies
  28 deep elf archers
  10 flayed ghosts
  7 naga ritualists
  2 golden dragon zombies
  14 ironbrand convokers
  6 anaconda skeletons
  2 shadow demons (Abyss:3)
  An orange crystal statue (Depths:5)
  4 wolf spider zombies
  18 phantasmal warriors
  3 shadow dragon zombies
  2 golden dragon skeletons
  17 harpies
  An orb spider (Abyss:3)
  A sphinx zombie (D:15)
  22 necromancers
  12 orc knights
  3 iron dragon zombies
  20 mana vipers
  2 fire giant zombies
  4 frost giant zombies
  2 stone giant zombies
  3 shadow dragon skeletons
  8 cyclopes
  A manticore (shapeshifter) (Depths:4)
  56 ugly things
  14 fauns
  4 shining eyes
  9 worldbinders
  59 deep elf magi
  A wolf spider (Vaults:5)
  5 iron dragon skeletons
  8 manticores
  12 salamanders
  9 orc sorcerers
  5 frost giant skeletons
  2 shock serpent zombies
  8 molten gargoyles (Geh:7)
  4 stone giant skeletons
  2 apocalypse crabs
  6 fire giant skeletons
  9 elephants
  3 eyes of devastation
  11 merfolk sirens
  2 ice statues
  30 black mambas
  14 vault sentinels
  2 centaur zombies
  22 moths of wrath
  4 rust devils
  20 naga magi
  13 smoke demons
  6 dire elephant zombies
  5 water nymphs
  An orange demon (Abyss:3)
  4 centaur skeletons
  A gargoyle (Abyss:3)
  A yellow draconian zombie (Crypt:1)
  9 cane toads
  19 guardian serpents
  A black draconian zombie (Hell)
  12 hellions
  5 shock serpent skeletons
  A hellwing (Abyss:4)
  5 efreet
  36 freezing wraiths
  A komodo dragon (shapeshifter) (Abyss:3)
  18 tormentors
  A demonic crawler (Hell)
  3 komodo dragons
  69 yaktaurs
  A kobold demonologist (D:15)
  An anaconda simulacrum (Coc:1)
  A death yak skeleton (Crypt:1)
  5 tengu conjurers
  56 ice devils
  3 dire elephant skeletons
  16 red devils
  11 trolls
  14 hydra zombies
  22 small abominations
  6 ancient zymes
  A catoblepas skeleton (Geh:1)
  2 trolls (shapeshifter)
  4 wind drakes
  2 polar bears (shapeshifter)
  35 merfolk
  A shadow dragon simulacrum (Abyss:3)
  A merfolk (shapeshifter) (Depths:3)
  3 ice dragon zombies
  6 hornets
  A queen bee (shapeshifter) (Abyss:3)
  A deep troll zombie (D:15)
  A harpy skeleton (Crypt:3)
  14 blink frogs
  11 hippogriffs
  18 raiju
  A raiju (shapeshifter) (Abyss:3)
  4 hydra skeletons
  A frost giant simulacrum (Crypt:2)
  10 dream sheep
  8 snapping turtles
  78 slime creatures
  8 alligator zombies
  A bog body (Crypt:3)
  2 fire dragon zombies
  A hippogriff (shapeshifter) (Elf:1)
  6 ettin zombies
  A meliai zombie (D:14)
  7 air elementals
  3 ice dragon skeletons
  70 flying skulls
  22 starcursed masses
  35 water elementals
  A vampire (D:14)
  7 ynoxinuls
  16 shadows
  3 alligator skeletons
  3 fire dragon skeletons
  2 tarantellas (shapeshifter)
  8 wyverns (Lair:6)
  8 ettin skeletons
  A redback (shapeshifter) (Abyss:1)
  3 redbacks (Lair:6)
  25 wraiths
  31 fire elementals
  An emperor scorpion simulacrum (Coc:4)
  34 yaks
  A black mamba skeleton (Crypt:3)
  3 fire bats (Abyss:4)
  4 golden eyes (Abyss:2)
  A hog (D:8)
  2 yaks (shapeshifter)
  3 basilisks
  13 chaos spawn
  A golden eye (shapeshifter) (Vaults:4)
  2 human simulacra (Vaults:2)
  6 vampire mosquitoes
  Menkaure (D:6)
  8 neqoxecs
  An insubstantial wisp (Abyss:3)
  A spatial vortex (Abyss:3)
  2 soldier ants (D:11)
  5 wargs
  60 nagas
  4 acid dragons
  3 floating eyes
  13 cane toad zombies
  46 hell hounds
  22 water moccasins
  A floating eye (shapeshifter) (Vaults:5)
  47 orc warriors
  4 porcupines
  5 cane toad skeletons
  24 ice beasts
  3 ettin simulacra
  2 sky beasts
  A swamp dragon zombie (Coc:1)
  2 black bears
  13 necrophages
  11 phantoms
  6 snapping turtle zombies
  5 eyes of draining
  A manticore zombie (Coc:1)
  A boggart (shapeshifter) (Vaults:5)
  13 wolves
  9 boggarts
  A lindwurm zombie (Crypt:2)
  24 ogres
  An ice dragon simulacrum (Coc:3)
  3 manticore skeletons
  5 crocodiles
  A swamp dragon skeleton (Coc:7)
  15 centaurs
  3 snapping turtle skeletons
  A crocodile (shapeshifter) (Depths:4)
  2 big kobolds (D:15)
  A gnoll sergeant (D:6)
  17 bullfrogs
  4 earth elementals
  2 elf zombies
  An elf skeleton (Crypt:3)
  3 cane toad simulacra
  A salamander skeleton (Crypt:2)
  A wyvern zombie (D:14)
  2 wyvern skeletons
  6 scorpions
  2 warg zombies
  A yak zombie (Crypt:3)
  58 wights
  3 killer bees
  2 troll zombies
  2 troll skeletons
  A yak skeleton (Crypt:3)
  3 electric eels
  A howler monkey (D:4)
  6 jellies
  10 crimson imps
  2 bullfrog zombies (D:11)
  6 quasits
  A demonspawn zombie (Crypt:1)
  6 human zombies
  19 orc priests
  Crazy Yiuf (D:7)
  A bullfrog skeleton (D:13)
  2 hounds
  6 iron imps
  23 orc wizards
  A gnoll shaman (D:9)
  5 human skeletons
  2 demonspawn skeletons (Crypt:1)
  3 iguanas
  7 hell rats (Hell)
  12 worker ants
  A dwarf zombie (Crypt:3)
  4 ogre zombies (D:9)
  A deep dwarf zombie (Crypt:3)
  An ogre skeleton (Geh:1)
  3 tengu skeletons
  A hound skeleton (D:7)
  3 mummies
  22 gnolls
  A howler monkey skeleton (D:8)
  15 adders
  A steam dragon skeleton (Crypt:2)
  34 white imps
  An ufetubus (Abyss:3)
  2 adder skeletons
  An iguana zombie (Crypt:1)
  3 worms
  2 dart slugs
  4 leopard geckos
  96 orcs
  11 bats
  A bat skeleton (Crypt:1)
  11 giant cockroaches
  7 goblins
  25 hobgoblins
  8 jackals
  25 kobolds
  3 quokkas
  5 ball pythons
  10 frilled lizards
  A goblin skeleton (D:9)
  4 goblin zombies (D:9)
  3 hobgoblin skeletons (D:9)
  2 hobgoblin zombies (D:9)
  A jackal skeleton (D:5)
  A kobold zombie (Crypt:1)
  An orc simulacrum (Abyss:3)
  3 orc skeletons
  11 orc zombies
  10 rats
  5 crawling corpses
  A lurking horror (Abyss:3)
  9 starspawn tentacles (Abyss:4)
3748 creatures vanquished.

Vanquished Creatures (collateral kills)
  A titan (Vaults:5)
  2 shadow dragons (Vaults:5)
  A tengu reaver (Vaults:5)
  A yaktaur captain (Vaults:5)
  5 vault guards (Vaults:5)
  A two-headed ogre (Vaults:5)
  A storm dragon zombie (Vaults:5)
12 creatures vanquished.

Vanquished Creatures (others)
  A frost giant (Zot:2)
  A balrug (Geh:7)
  A draconian stormcaller (Zot:1)
  4 elemental wellsprings
  A fire dragon (Depths:5)
  A jiangshi (Depths:5)
  A merfolk aquamancer (Shoals:4)
  A two-headed ogre (Vaults:5)
  2 hell hogs
  A small abomination (Vaults:5)
  A deep elf knight (Vaults:3)
  A shadow wraith (Vaults:5)
  A sea snake (Shoals:4)
  4 deep elf magi
  A human skeleton (Vaults:5)
  A hydra zombie (Coc:7)
  2 merfolk (Shoals:4)
  A wind drake (Shoals:4)
  A raiju (Abyss:4)
  A flying skull (Coc:3)
  A fire elemental (Geh:2)
  A water elemental (Elf:1)
  2 fire bats (Abyss:4)
  A spatial vortex (Abyss:3)
  A hell hound (Hell)
  A necrophage (Geh:4)
  2 wights
  A crimson imp (Geh:7)
  An orc (Vaults:2)
  A kobold (D:1)
  A crawling corpse (Vaults:5)
  14 demonic plants (Gauntlet)
  55 fungi
  2 lurking horrors
  280 plants
  20 starspawn tentacles
  4 withered plants (D:15)
416 creatures vanquished.

Grand Total: 4176 creatures vanquished

Notes
Turn   | Place    | Note
-------+----------+-------------------------------------------
     0 | D:1      | Inarius the Mummy Wanderer began the quest for the Orb.
     0 | D:1      | Inarius set off with the following items: a +2 falchion, 2
                  | scrolls of teleportation, a +0 robe
     0 | D:1      | Reached XP level 1. HP: 19/19 MP: 1/1
    68 | D:1      | Reached XP level 2. HP: 3/26 MP: 2/2
   684 | D:1      | Reached skill level 5 in Fighting
   684 | D:1      | Reached XP level 3. HP: 29/33 MP: 3/3
  1469 | D:2      | Noticed an orc warrior
  1649 | D:2      | Reached XP level 4. HP: 37/39 MP: 4/4
  1670 | D:2      | Reached skill level 1 in Armour
  1934 | D:2      | Found an iron altar of Okawaru.
  1942 | D:2      | Became a worshipper of Warmaster Okawaru
  2688 | D:3      | Reached XP level 5. HP: 35/46 MP: 5/5
  3237 | D:3      | Reached skill level 1 in Invocations
  3242 | D:3      | Reached skill level 1 in Axes
  3278 | D:3      | Found a glowing golden altar of the Shining One.
  3517 | D:4      | Reached * piety under Okawaru
  3517 | D:4      | Reached XP level 6. HP: 51/52 MP: 6/6
  3797 | D:4      | Found the +9 scales of the Dragon King {rPois rF+ rC+ MR+}
  4102 | D:4      | Found a sparkling altar of Nemelex Xobeh.
  4421 | D:5      | Entered Level 5 of the Dungeon
  4675 | D:5      | You fall into a shaft and drop 2 floors!
  4682 | D:7      | Noticed an orc warrior
  4695 | D:7      | Killed an orc warrior
  4695 | D:7      | Reached XP level 7. HP: 32/57 MP: 8/8
  5158 | D:5      | Reached skill level 2 in Axes
  5220 | D:5      | Identified the +6 war axe "Hiynn" {vorpal, Str-2 Int+8}
  5265 | D:5      | Reached ** piety under Okawaru
  5394 | D:5      | Reached skill level 5 in Armour
  5710 | D:6      | Found a staircase to the Ecumenical Temple.
  5769 | D:6      | Reached XP level 8. HP: 11/64 MP: 10/10
  6058 | D:6      | Found a shadowy altar of Dithmenos.
  6077 | D:6      | Reached skill level 3 in Axes
  6112 | D:6      | Noticed an angel
  6113 | D:6      | Found a glowing silver altar of Zin.
  6228 | D:6      | Found an ornate altar of the Wu Jian Council.
  6319 | D:6      | Noticed a troll
  6450 | D:6      | Noticed Menkaure
  6459 | D:6      | Killed Menkaure
  6459 | D:6      | Reached skill level 4 in Axes
  6459 | D:6      | Reached skill level 1 in Evocations
  6789 | D:6      | Reached *** piety under Okawaru
  6835 | D:7      | Reached skill level 5 in Axes
  7140 | D:7      | Reached XP level 9. HP: 69/69 MP: 11/11
  7245 | D:7      | Found a basalt altar of Yredelemnul.
  7360 | D:7      | Found a runed translucent door.
  7361 | D:7      | Noticed Crazy Yiuf
  7501 | D:7      | Killed Crazy Yiuf
  7716 | D:7      | Found a basalt altar of Yredelemnul.
  7768 | D:7      | Reached skill level 6 in Axes
  7803 | D:7      | Reached **** piety under Okawaru
  7878 | D:8      | Noticed a two-headed ogre
  7883 | D:8      | Noticed a faun
  7883 | D:8      | a two-headed ogre changed into a faun
  7886 | D:8      | Noticed a moth of wrath
  7886 | D:8      | a faun changed into a moth of wrath
  7892 | D:8      | Killed a moth of wrath
  7892 | D:8      | Reached skill level 7 in Axes
  7960 | D:8      | Noticed Psyche
  7975 | D:8      | Cast into level 2 of the Abyss (Psyche)
  7986 | D:8      | Escaped the Abyss
  7988 | D:8      | Noticed Psyche
  7988 | D:8      | Psyche changed into Psyche the hog
  7994 | D:8      | Killed Psyche the hog
  8023 | D:8      | Found a blossoming altar of Fedhas.
  8063 | D:8      | Reached skill level 1 in Shields
  8180 | D:8      | Found a radiant altar of Vehumet.
  8418 | D:8      | Noticed a cyclops
  8428 | D:8      | Killed a cyclops
  8428 | D:8      | Reached ***** piety under Okawaru
  8428 | D:8      | Reached skill level 8 in Axes
  8428 | D:8      | Reached XP level 10. HP: 20/76 MP: 12/12
  8684 | D:8      | Noticed a brown ugly thing
  8693 | D:8      | Killed a brown ugly thing
  8853 | D:8      | Noticed a necromancer
  8864 | D:8      | Killed a necromancer
  9007 | D:8      | Reached skill level 9 in Axes
  9051 | D:8      | Received a gift from Okawaru
  9103 | D:9      | Noticed a two-headed ogre
  9213 | D:9      | Found an opulent altar of Gozag.
  9467 | D:9      | Found a shattered altar of Ashenzari.
  9565 | D:9      | Found a staircase to the Orcish Mines.
  9738 | D:9      | Killed a two-headed ogre
  9738 | D:9      | Reached skill level 10 in Axes
 10199 | D:9      | Found a bloodstained altar of Trog.
 10249 | D:10     | Entered Level 10 of the Dungeon
 10598 | D:10     | Found a runed translucent door.
 10698 | D:10     | Found a shimmering altar of Xom.
 10698 | D:10     | Noticed a +2 quarterstaff of chaos
 10698 | D:10     | Noticed Tobisume's ghost (novice DsGl)
 10789 | D:10     | Reached XP level 11. HP: 60/81 MP: 13/13
 11122 | D:11     | Found a staircase to the Lair.
 11217 | D:11     | Found a flagged portal.
 11294 | Bailey   | Entered a bailey
 11444 | Bailey   | Noticed an orc knight
 11453 | Bailey   | Banished an orc knight
 11974 | D:11     | Reached skill level 11 in Axes
 12002 | D:11     | Identified a scroll of acquirement
 12003 | D:11     | Acquired the +3 broad axe "Edioqo Vagg" {speed, rF++ Str+4}
 12230 | D:11     | Killed an unseen horror
 12577 | D:11     | Received a gift from Okawaru
 12788 | Lair:1   | Entered Level 1 of the Lair of Beasts
 12788 | Lair:1   | Noticed a five-headed hydra
 12793 | Lair:1   | Killed a five-headed hydra
 12985 | Lair:1   | Reached skill level 5 in Evocations
 13436 | Lair:2   | Noticed a seven-headed hydra
 13436 | Lair:2   | Noticed a death yak
 13439 | Lair:2   | Noticed a death yak
 13565 | Lair:2   | Killed a seven-headed hydra
 13565 | Lair:2   | Reached ****** piety under Okawaru
 13565 | Lair:2   | Reached skill level 12 in Axes
 13566 | Lair:2   | Noticed a death yak
 13566 | Lair:2   | Noticed a death yak
 13567 | Lair:2   | Noticed a death yak
 13595 | Lair:1   | Killed a death yak
 13595 | Lair:1   | Received a gift from Okawaru
 13595 | Lair:1   | Reached XP level 12. HP: 58/87 MP: 14/14
 13710 | Lair:2   | Noticed a five-headed hydra
 13716 | Lair:2   | Killed a six-headed hydra
 14110 | Lair:2   | Killed a death yak
 14147 | Lair:1   | Killed a death yak
 14307 | Lair:1   | Banished a death yak
 14348 | Lair:2   | Killed a death yak
 14655 | Lair:3   | Noticed Prince Ribbit
 14655 | Lair:3   | Noticed a death yak
 14787 | Lair:3   | Killed a death yak
 14937 | Lair:3   | Noticed a death yak
 14940 | Lair:3   | Noticed a death yak
 15008 | Lair:3   | Noticed a death yak
 15009 | Lair:3   | Noticed a death yak
 15024 | Lair:2   | Reached skill level 13 in Axes
 15026 | Lair:2   | Killed a death yak
 15266 | Lair:2   | Killed a death yak
 15373 | Lair:3   | Killed a death yak
 15376 | Lair:3   | Banished a death yak
 15443 | Lair:3   | Found a staircase to the Shoals.
 15526 | Lair:3   | Received a gift from Okawaru
 15584 | Lair:3   | Acquired the +0 cloak "Sasouger" {rN++ Str+4 Dex+2 SInv}
 15674 | Lair:3   | Found a staircase to the Snake Pit.
 16266 | Lair:3   | Gained mutation: You are in touch with the powers of death.
                  | [Mummy growth]
 16266 | Lair:3   | Reached XP level 13. HP: 93/93 MP: 15/15
 16299 | Lair:4   | Found a frozen archway.
 16361 | IceCv    | Entered an ice cave
 16362 | IceCv    | Found a transporter.
 16417 | IceCv    | Reached skill level 14 in Axes
 16422 | IceCv    | Found a transporter.
 17022 | Lair:4   | Found a runed translucent gate.
 17024 | Lair:4   | Noticed Eckutwi's ghost (journeyman DEIE)
 17025 | Lair:4   | Found a runed translucent gate.
 17025 | Lair:4   | Found a runed translucent gate.
 18575 | Lair:6   | Entered Level 6 of the Lair of Beasts
 18582 | Lair:6   | Reached skill level 5 in Shields
 18617 | Lair:6   | Identified the +6 whip "Cebet" {flame, rPois MP+9} (You
                  | found it on level 6 of the Lair of Beasts)
 18998 | Lair:6   | Reached skill level 15 in Axes
 19046 | Lair:6   | Received a gift from Okawaru
 19049 | Lair:6   | Got an encrusted helmet {god gift}
 19055 | Lair:6   | Identified the -6 helmet of the Wumpus {Slay+2} (Okawaru
                  | gifted it to you on level 6 of the Lair of Beasts)
 19263 | Lair:6   | Reached XP level 14. HP: 90/99 MP: 16/16
 19910 | Lair:6   | Found a runed translucent door.
 19910 | Lair:6   | Found a viscous altar of Jiyva.
 19910 | Lair:6   | Found a staircase to the Slime Pits.
 19910 | Lair:6   | Noticed an acid blob
 20283 | Orc:1    | Entered Level 1 of the Orcish Mines
 20283 | Orc:1    | Found Xinkarili's Antique Weapon Boutique.
 20582 | Orc:2    | Entered Level 2 of the Orcish Mines
 20693 | Orc:2    | Found a roughly hewn altar of Beogh.
 21060 | Orc:2    | Reached skill level 16 in Axes
 21537 | Orc:2    | Noticed an orc warlord
 21542 | Orc:2    | Noticed a frost giant
 21542 | Orc:2    | an orc warlord changed into a frost giant
 21545 | Orc:2    | Noticed a quicksilver dragon
 21545 | Orc:2    | a frost giant changed into a quicksilver dragon
 21551 | Orc:2    | Killed a quicksilver dragon
 21808 | Orc:2    | Received a gift from Okawaru
 22143 | Orc:2    | Found a roughly hewn altar of Beogh.
 22173 | Orc:2    | Found Jevviv's Antique Armour Boutique.
 22211 | Orc:2    | Found Cayclery's Antique Weapon Boutique.
 22226 | Orc:2    | Found Ecairr's General Store.
 22233 | Orc:2    | Bought a scroll of enchant armour for 135 gold pieces
 22249 | Orc:2    | Found a staircase to the Elven Halls.
 22414 | Orc:2    | Found Hiocwaf's Jewellery Boutique.
 22458 | Orc:2    | Bought the amulet of Discretion {Acrobat MR++ Str+2 Int-4}
                  | for 659 gold pieces
 22580 | Orc:1    | Found a radiant altar of Vehumet.
 24152 | D:13     | Found a gate to the Vaults.
 24160 | D:13     | Reached XP level 15. HP: 105/105 MP: 17/17
 25069 | D:14     | Found a gate leading to a gauntlet.
 25085 | Gauntlet | Entered a Gauntlet
 25085 | Gauntlet | Found a transporter.
 25085 | Gauntlet | Found a transporter.
 25085 | Gauntlet | Found a transporter.
 25149 | Gauntlet | Found a transporter.
 25152 | Gauntlet | Found a transporter.
 25160 | Gauntlet | Found a transporter.
 25163 | Gauntlet | Found a transporter.
 25171 | Gauntlet | Found a transporter.
 25189 | Gauntlet | Found a transporter.
 25206 | Gauntlet | Found a transporter.
 25209 | Gauntlet | Found a transporter.
 25219 | Gauntlet | Found a transporter.
 25321 | Gauntlet | Identified the +1 cloak "Ybroir" {rPois Dex+4 Stlth+} (You
                  | found it in a Gauntlet)
 25361 | Gauntlet | Got a faintly glowing marble ring
 25363 | Gauntlet | Identified the ring of Hixek {rPois rN+ Str+2} (You found
                  | it in a Gauntlet)
 25837 | D:14     | Reached skill level 17 in Axes
 25849 | D:14     | Noticed a sphinx
 25860 | D:14     | Killed a sphinx
 25860 | D:14     | Received a gift from Okawaru
 26394 | D:15     | Entered Level 15 of the Dungeon
 26885 | D:15     | Found a staircase to the Depths.
 27015 | D:15     | Reached skill level 5 in Invocations
 27703 | D:15     | Received a gift from Okawaru
 27706 | D:15     | Found a runed translucent gate.
 27706 | D:15     | Found a runed translucent gate.
 27712 | D:15     | Found a runed translucent gate.
 27759 | D:15     | Received a gift from Okawaru
 27779 | D:15     | Found a runed translucent gate.
 27779 | D:15     | Found a runed translucent gate.
 27781 | D:15     | Found a runed translucent gate.
 27781 | D:15     | Noticed Fotwosk's ghost (journeyman MiBe)
 28037 | D:15     | Noticed Agnes
 28047 | D:15     | Killed Agnes
 28047 | D:15     | Reached XP level 16. HP: 61/115 MP: 20/20
 28869 | Snake:1  | Entered Level 1 of the Snake Pit
 29145 | Snake:1  | Noticed Aizul
 29168 | Snake:1  | Killed Aizul
 29168 | Snake:1  | Reached skill level 18 in Axes
 29173 | Snake:1  | Found Uge Syb's Antique Weapon Shop.
 29173 | Snake:1  | Found Lepp's Gadget Boutique.
 29174 | Snake:1  | Found Fimure's Jewellery Shop.
 29176 | Snake:1  | Found Doas's Antique Armour Boutique.
 29563 | Snake:1  | Noticed Azrael
 29574 | Snake:1  | Banished Azrael
 30401 | Snake:2  | Noticed Vashnia
 30810 | Snake:2  | Banished Vashnia
 30828 | Snake:2  | Received a gift from Okawaru
 30834 | Snake:2  | Got an ancient war axe {god gift}
 31454 | Snake:2  | Reached skill level 10 in Armour
 31649 | Snake:2  | Received a gift from Okawaru
 32127 | Snake:3  | Reached XP level 17. HP: 118/124 MP: 22/22
 32268 | Snake:3  | Noticed Saint Roka
 32297 | Snake:3  | Banished Saint Roka
 33190 | Snake:3  | Noticed Mara
 33198 | Snake:3  | Banished Mara
 33811 | Elf:1    | Entered Level 1 of the Elven Halls
 33812 | Elf:1    | Acquired 870 gold pieces
 33841 | Elf:1    | Reached skill level 10 in Shields
 33866 | Elf:1    | Found Zewnief's Armour Boutique.
 34539 | Elf:1    | Received a gift from Okawaru
 34628 | Elf:1    | Identified a +0 pair of boots of running (Okawaru gifted it
                  | to you on level 1 of the Elven Halls)
 34738 | Elf:1    | Identified the Incunabulum of Calling
 34748 | Elf:1    | Noticed Nuiffe Xitzo's ghost (journeyman DrEE)
 34751 | Elf:1    | Found a runed translucent gate.
 34751 | Elf:1    | Found a runed translucent gate.
 34751 | Elf:1    | Found a runed translucent gate.
 35324 | Elf:1    | Banished Nuiffe Xitzo's ghost
 35351 | Elf:1    | Got a pair of faintly humming boots
 35362 | Elf:1    | Identified the +1 pair of boots "Ummoxut" {rElec} (You
                  | found it on level 1 of the Elven Halls)
 36049 | Elf:2    | Reached XP level 18. HP: 134/134 MP: 23/23
 36193 | Elf:2    | Found a huge runed translucent gate.
 36195 | Elf:2    | Found a huge runed translucent gate.
 36198 | Elf:2    | Found a huge runed translucent gate.
 36199 | Elf:2    | Found a huge runed translucent gate.
 36199 | Elf:2    | Found a huge runed translucent gate.
 36219 | Elf:3    | Entered Level 3 of the Elven Halls
 36419 | Elf:3    | Reached skill level 10 in Fighting
 36546 | Elf:3    | Found a transporter.
 36559 | Elf:3    | Found a transporter.
 36559 | Elf:3    | Noticed PanSaczeczos's ghost (veteran MfMo)
 36583 | Elf:2    | Reached skill level 19 in Axes
 37173 | Shoals:1 | Entered Level 1 of the Shoals
 37536 | Shoals:1 | Received a gift from Okawaru
 38934 | Shoals:2 | Noticed Polyphemus
 38971 | Shoals:2 | Banished Polyphemus
 40195 | Shoals:3 | Received a gift from Okawaru
 40273 | Shoals:3 | Reached skill level 10 in Evocations
 40758 | Shoals:4 | Entered Level 4 of the Shoals
 40789 | Shoals:4 | Reached XP level 19. HP: 142/142 MP: 24/24
 41158 | Shoals:4 | Noticed Nikola
 41590 | Shoals:4 | Identified the +3 glaive of a volcano {elec, +Blink rPois
                  | Str+4}
 41592 | Shoals:4 | Noticed Louise
 41729 | Shoals:3 | Killed Nikola
 41948 | Shoals:3 | Banished Louise
 42271 | Shoals:4 | Found Voor Sye's Antique Armour Shoppe.
 42381 | Shoals:4 | Got a barnacled rune of Zot
 42935 | Snake:4  | Entered Level 4 of the Snake Pit
 43231 | Snake:4  | Acquired a manual of Fighting
 43295 | Snake:4  | Received a gift from Okawaru
 43841 | Snake:4  | Got a serpentine rune of Zot
 44010 | Snake:4  | Reached skill level 20 in Axes
 44085 | Snake:4  | Identified Roxanne's Grimoire of Earth
 44085 | Snake:4  | Noticed Roxanne
 44106 | Snake:4  | Reached XP level 20. HP: 154/154 MP: 25/25
 44126 | Snake:4  | Killed Roxanne
 44181 | Snake:4  | Noticed Asterion
 44201 | Snake:4  | Killed Asterion
 44358 | Snake:4  | Received a gift from Okawaru
 44588 | Snake:4  | Found Gukk's Distillery.
 45293 | Vaults:1 | Entered Level 1 of the Vaults
 45321 | Vaults:1 | Identified the +4 war axe of the Vaults {vorpal, rPois
                  | Str+4} (Okawaru gifted it to you on level 2 of the Snake
                  | Pit)
 46951 | Vaults:1 | Received a gift from Okawaru
 47496 | Vaults:2 | Noticed Jory
 47513 | Vaults:2 | Killed Jory
 47653 | Vaults:2 | Reached XP level 21. HP: 166/166 MP: 26/26
 48095 | Vaults:2 | Reached skill level 21 in Axes
 48128 | Vaults:2 | Reached skill level 15 in Fighting
 49056 | Vaults:2 | Received a gift from Okawaru
 49074 | Vaults:2 | Identified the +2 plate armour of Okawaru's Supremacy {Harm
                  | rF- MR++ SInv} (Okawaru gifted it to you on level 2 of the
                  | Vaults)
 51203 | Elf:3    | Identified the +8 battleaxe of Beceq {protect, rPois Str+2
                  | Dex-5}
 51275 | Elf:3    | Identified the cursed +3 war axe "Oplis" {freeze, rN+++}
 51275 | Elf:3    | Identified the ring "Yfujin" {rElec rCorr Str+2}
 51314 | Elf:3    | Received a gift from Okawaru
 51325 | Elf:3    | Identified the ring of the Tarantula {rCorr MP+9 Dex+2
                  | SInv}
 51495 | Elf:3    | Identified the amulet of the Sun {Faith Dex+5}
 51498 | Elf:3    | Identified the ring of Suawn {+Blink rElec rF+ rC+}
 52148 | Elf:3    | Identified the Guide on Flight and the Frostbite
 52152 | Elf:3    | Identified Sif Muna's Compendium of the World
 52174 | Elf:3    | Identified Zusur's Almanac of Contamination and Conjuration
 52562 | Elf:2    | Reached XP level 22. HP: 179/179 MP: 27/27
 53015 | Elf:2    | Reached skill level 15 in Shields
 53424 | Depths:1 | Entered Level 1 of the Depths
 53643 | D:15     | Received a gift from Okawaru
 53689 | D:15     | Identified the +1 cloak of the Minstrel {+Inv rElec Str-5
                  | SInv} (Okawaru gifted it to you on level 15 of the Dungeon)
 53856 | Depths:1 | Found a one-way gate leading to the halls of Pandemonium.
 53944 | Depths:1 | Found a shattered altar of Ashenzari.
 53944 | Depths:1 | Noticed the Enchantress
 54149 | Depths:1 | Killed the Enchantress
 54383 | Depths:1 | Found a gateway to Hell.
 54571 | Depths:1 | Received a gift from Okawaru
 54710 | Depths:1 | You fall into a shaft and drop 1 floor!
 55187 | Depths:2 | Found a hide-covered altar of Uskayaw.
 55232 | Depths:2 | Reached skill level 22 in Axes
 55350 | Depths:2 | Noticed a golden dragon
 55363 | Depths:2 | Killed a golden dragon
 55509 | Depths:2 | Found a hide-covered altar of Uskayaw.
 55510 | Depths:2 | Noticed a caustic shrike
 55543 | Depths:2 | Killed a caustic shrike
 55917 | Depths:2 | Paralysed by a floating eye for 3 turns
 55924 | Depths:2 | You fall into a shaft and drop 2 floors!
 55976 | Depths:4 | Found a one-way gate to the infinite horrors of the Abyss.
 56014 | Depths:4 | Received a gift from Okawaru
 56168 | Depths:3 | Found the +9 staff of Olgreb {rPois∞}
 56449 | Depths:2 | Found a shimmering altar of Xom.
 56668 | Depths:2 | Identified the ring "Genloxon" {MR+ MP+9}
 56892 | Depths:2 | Noticed a caustic shrike
 56905 | Depths:2 | Killed a caustic shrike
 56914 | Depths:2 | Killed a ghostly caustic shrike
 56914 | Depths:2 | Received a gift from Okawaru
 57204 | Depths:2 | Got a faintly glowing glass ring
 57207 | Depths:2 | Identified the ring "Toist" {+Fly rPois rC- MR+ Int+7} (You
                  | found it on level 2 of the Depths)
 57257 | Depths:2 | Found a transporter.
 57298 | Depths:2 | Reached XP level 23. HP: 143/188 MP: 28/28
 57321 | Depths:2 | Noticed Sojobo
 57511 | Depths:2 | Found a transporter.
 57524 | Depths:2 | Identified the cursed ring of Ryus {rElec rPois Dex-4
                  | Slay+3}
 57587 | Depths:2 | Killed Sojobo
 58217 | Depths:3 | Identified a ring of the Octopus King {rC+ AC+1 EV+1 Str+1
                  | Int+1 Dex+1}
 58275 | Depths:3 | Identified the +2 robe of Seorgh {*Contam rF+ MR+ Str+2}
 58300 | Depths:3 | Received a gift from Okawaru
 58350 | Depths:3 | Found a gateway to a ziggurat.
 58718 | Depths:3 | Identified the ring "Adghik" {rN+ MR+ MP+9 Int-2 Dex+2}
 60012 | Depths:3 | Received a gift from Okawaru
 60023 | Depths:3 | Identified the +0 broad axe of Governance {vorpal, rElec
                  | rC+} (Okawaru gifted it to you on level 3 of the Depths)
 60798 | Depths:4 | Identified the ring "Cimet" {*Contam +Blink rC+ Str+2
                  | Dex+6}
 60828 | Depths:4 | Identified the amulet of Mecov {Inacc rF+ Str+5} (You found
                  | it on level 4 of the Depths)
 61057 | Depths:4 | You fall into a shaft and drop 1 floor!
 61057 | Depths:5 | Entered Level 5 of the Depths
 61096 | Depths:5 | Reached skill level 23 in Axes
 61251 | Depths:5 | Reached XP level 24. HP: 86/199 MP: 28/28
 61408 | Depths:5 | Noticed Margery
 61420 | Depths:5 | Killed Margery
 61420 | Depths:5 | Received a gift from Okawaru
 62078 | Depths:4 | Paralysed by a floating eye for 3 turns
 62090 | Depths:4 | Paralysed by a floating eye for 2 turns
 62339 | Depths:4 | Found the cursed +14 obsidian axe {vorpal, +Fly SInv
                  | *Curse}
 62798 | Depths:4 | Noticed Mennas
 63091 | Depths:4 | Received a gift from Okawaru
 63118 | Depths:4 | Identified the +4 pair of gloves of Hedge Wizardry {*Drain
                  | rF+ MR+ Dex+2} (Okawaru gifted it to you on level 4 of the
                  | Depths)
 63577 | Depths:5 | Found a gate to the Realm of Zot.
 64040 | Depths:5 | Found a runed translucent door.
 64043 | Depths:5 | Found a radiant altar of Vehumet.
 64043 | Depths:5 | Noticed an ancient lich
 64086 | Depths:5 | Found Totur's Gadget Boutique.
 64087 | Depths:5 | Found Doeta's Jewellery Shoppe.
 64088 | Depths:5 | Found Jebur's Gadget Boutique.
 64098 | Depths:5 | Bought a wand of acid (7) for 330 gold pieces
 64098 | Depths:5 | Bought a condenser vane (2/2) for 300 gold pieces
 64353 | Depths:5 | Killed an ancient lich
 64372 | Depths:5 | Identified Lidiyt's Disquisition on Attacks
 64886 | Vaults:3 | Received a gift from Okawaru
 65155 | Vaults:3 | Reached XP level 25. HP: 121/208 MP: 28/28
 65907 | Vaults:3 | Found a staircase to the Crypt.
 66116 | Vaults:4 | Reached skill level 24 in Axes
 67686 | Crypt:1  | Entered Level 1 of the Crypt
 67700 | Crypt:1  | Received a gift from Okawaru
 68852 | Crypt:2  | Received a gift from Okawaru
 69582 | Crypt:3  | Entered Level 3 of the Crypt
 69582 | Crypt:3  | Noticed Frederick
 69597 | Crypt:2  | Killed Frederick
 69597 | Crypt:2  | Gained mutation: You are strongly in touch with the powers
                  | of death. [Mummy growth]
 69597 | Crypt:2  | Reached XP level 26. HP: 214/217 MP: 29/30
 69861 | Crypt:3  | Found a staircase to the Tomb.
 69871 | Crypt:3  | Noticed Xtahua
 69890 | Crypt:3  | Killed Xtahua
 70773 | Crypt:3  | Received a gift from Okawaru
 70980 | Crypt:3  | Identified the amulet of Wubasua {rPois MR+ Regen+} (You
                  | found it on level 3 of the Crypt)
 70981 | Crypt:3  | Identified the ring "Panaky" {rElec rF+ rN+ Int+2 Slay+3}
                  | (You found it on level 3 of the Crypt)
 71226 | Crypt:3  | Noticed an ancient lich
 71243 | Crypt:3  | Killed an ancient lich
 71322 | Crypt:3  | Identified Khufu's Disquisition on Sinister Rites
 71353 | Crypt:3  | Identified the +7 broad axe of the Forsaken Places {drain,
                  | *Rage rN+ Str+8 Int+2} (You found it on level 3 of the
                  | Crypt)
 71541 | Vaults:5 | Entered Level 5 of the Vaults
 71544 | Vaults:5 | Noticed an ancient lich
 71552 | Vaults:5 | Identified the ring of Zysmul {+Fly MP+9 Str+6 Int+2}
 71563 | Vaults:5 | Reached skill level 10 in Invocations
 71571 | Vaults:5 | Killed an ancient lich
 71683 | Vaults:5 | Received a gift from Okawaru
 71697 | Vaults:5 | Reached skill level 25 in Axes
 71894 | Vaults:5 | Received a gift from Okawaru
 72048 | Vaults:5 | Learned a level 9 spell: Shatter
 72670 | Vaults:5 | Noticed an ancient lich
 72691 | Vaults:5 | Killed an ancient lich
 72691 | Vaults:5 | Reached XP level 27. HP: 223/226 MP: 30/30
 73097 | Vaults:5 | Got a silver rune of Zot
 73269 | Vaults:5 | Received a gift from Okawaru
 74187 | Slime:1  | Entered Level 1 of the Pits of Slime
 74233 | Slime:3  | Noticed Dissolution
 74331 | Slime:2  | Killed Dissolution
 74444 | Slime:5  | Entered Level 5 of the Pits of Slime
 75117 | Slime:5  | Noticed the Royal Jelly
 75137 | Slime:5  | Killed the Royal Jelly
 75376 | Slime:5  | Identified the +0 pair of gloves of Deaki {Regen+} (You
                  | found it on level 5 of the Pits of Slime)
 75407 | Slime:5  | Got a slimy rune of Zot
 75409 | Slime:5  | Identified the ring "Fukoogen" {rF+ rN+ MR- Dex+2} (You
                  | found it on level 5 of the Pits of Slime)
 75995 | Zot:1    | Entered Level 1 of the Realm of Zot
 76042 | Zot:1    | Received a gift from Okawaru
 76460 | Temple   | Entered the Ecumenical Temple
 76587 | Temple   | Fell from the grace of Okawaru
 76587 | Temple   | Became a worshipper of Makhleb the Destroyer
 76987 | Depths:4 | Voluntarily entered the Abyss.
 77149 | Abyss:1  | Killed Vashnia
 77192 | Depths:4 | Escaped the Abyss
 77194 | Depths:4 | Voluntarily entered the Abyss.
 77221 | Abyss:1  | Noticed Inarius's illusion
 77232 | Abyss:1  | Killed Mara
 77232 | Abyss:1  | Reached * piety under Makhleb
 77232 | Abyss:1  | Reached skill level 26 in Axes
 77285 | Abyss:1  | Found a corrupted altar of Lugonu.
 77364 | Abyss:1  | Killed Azrael
 77412 | Abyss:1  | Killed Polyphemus
 77453 | Abyss:2  | Identified the +7 plate armour of the Hanged Man {rElec}
                  | (You found it on level 2 of the Abyss)
 77468 | Depths:4 | Escaped the Abyss
 77564 | Depths:4 | Voluntarily entered the Abyss.
 77778 | Abyss:3  | Reached ** piety under Makhleb
 78178 | Abyss:3  | Reached *** piety under Makhleb
 78427 | Abyss:3  | Found an iron altar of Okawaru.
 78524 | Abyss:3  | Found a corrupted altar of Lugonu.
 78654 | Abyss:3  | Reached **** piety under Makhleb
 78873 | Abyss:3  | Found a corrupted altar of Lugonu.
 79012 | Abyss:4  | Found a corrupted altar of Lugonu.
 79175 | Abyss:4  | Reached ***** piety under Makhleb
 79809 | Abyss:4  | Got an abyssal rune of Zot
 79849 | Abyss:4  | Found a corrupted altar of Lugonu.
 79920 | Abyss:4  | Reached ****** piety under Makhleb
 79977 | Depths:4 | Escaped the Abyss
 81642 | Zot:2    | Reached skill level 27 in Axes
 81734 | Zot:2    | Found a runed translucent gate.
 81738 | Zot:2    | Found a runed translucent gate.
 81738 | Zot:2    | Found a runed translucent gate.
 81739 | Zot:2    | Found an ancient bone altar of Kikubaaqudgha.
 81739 | Zot:2    | Noticed an ancient lich
 81739 | Zot:2    | Noticed an ancient lich
 81739 | Zot:2    | Noticed an ancient lich
 81739 | Zot:2    | Noticed an ancient lich
 81740 | Zot:2    | Noticed p0werm0de's ghost (veteran MiFi)
 82565 | Zot:2    | Killed an ancient lich
 82588 | Zot:2    | Killed an ancient lich
 82606 | Zot:2    | Killed an ancient lich
 82881 | Zot:1    | Killed p0werm0de's ghost
 82906 | Zot:2    | Identified the +2 hat of Youthful Indiscretion {rCorr MP+9
                  | Dex+2} (You found it on level 2 of the Realm of Zot)
 82917 | Zot:2    | Identified the ring "Ivvuacej" {rPois rN+ Str-2 Int+2
                  | Slay+2} (You found it on level 2 of the Realm of Zot)
 82946 | Zot:2    | Killed an ancient lich
 83450 | Zot:3    | Reached skill level 15 in Armour
 83924 | Zot:4    | Identified the ring "Xoumias" {rC+ Str-3 Int+7 Dex+6} (You
                  | found it on level 4 of the Realm of Zot)
 84072 | Zot:4    | Reached skill level 1 in Spellcasting
 84087 | Zot:4    | Reached skill level 1 in Earth Magic
 84401 | Zot:4    | Was forgiven by Okawaru
 84950 | Zot:5    | Entered Level 5 of the Realm of Zot
 85284 | Zot:5    | Noticed an ancient lich
 85639 | Zot:5    | Reached skill level 5 in Spellcasting
 85767 | Zot:5    | Noticed an orb of fire
 85813 | Zot:5    | Killed an orb of fire
 85898 | Zot:5    | Noticed an orb of fire
 85922 | Zot:5    | Killed an orb of fire
 85926 | Zot:5    | Noticed an ancient lich
 85942 | Zot:5    | Killed an ancient lich
 86183 | Zot:5    | Noticed an orb of fire
 86416 | Zot:5    | Killed an orb of fire
 86443 | Zot:5    | Noticed an ancient lich
 86468 | Zot:5    | Killed an ancient lich
 86468 | Zot:5    | Reached skill level 5 in Earth Magic
 86484 | Zot:5    | Killed an ancient lich
 86575 | Zot:5    | Upgraded the game from 0.26-a0-639-g72c4674329 to
                  | 0.26-a0-651-gb41185065b
 86744 | Hell     | Entered the Vestibule of Hell
 86744 | Hell     | Noticed Geryon
 86965 | Hell     | Killed Geryon
 87109 | Hell     | Found a gateway to the decaying netherworld of Tartarus.
 87233 | Hell     | Found a gateway to the freezing wastes of Cocytus.
 87416 | Hell     | Found a gateway to the Iron City of Dis.
 87527 | Hell     | Found a gateway to the ashen valley of Gehenna.
 87621 | Geh:1    | Entered Level 1 of Gehenna
 88618 | Geh:7    | Entered Level 7 of Gehenna
 88747 | Geh:7    | Reached skill level 10 in Spellcasting
 89040 | Geh:7    | Identified the ring of Woicikie {rPois rF+ Str+3}
 89163 | Geh:7    | Identified the ring of Fiblint {Ice *Contam +Inv Dex+3}
                  | (You found it on level 7 of Gehenna)
 89240 | Geh:7    | Identified the ring "Papsub" {rPois Int+2}
 89320 | Geh:7    | Reached skill level 15 in Invocations
 89431 | Geh:7    | Identified the +7 sceptre of Asmodeus
 89431 | Geh:7    | Noticed Asmodeus
 89478 | Geh:7    | Killed Asmodeus
 89524 | Geh:7    | Got an obsidian rune of Zot
 89674 | Coc:1    | Entered Level 1 of Cocytus
 90667 | Coc:7    | Entered Level 7 of Cocytus
 91376 | Coc:7    | Found the +2 Maxwell's thermic engine {flame, freeze}
 91618 | Coc:7    | Noticed the Serpent of Hell
 91666 | Coc:7    | Killed the Serpent of Hell
 92087 | Coc:7    | Noticed Antaeus
 92147 | Coc:7    | Killed Antaeus
 92147 | Coc:7    | Reached skill level 10 in Earth Magic
 92161 | Coc:7    | Killed from afar by a shard shrike

Illustrated notes

Levels and vault maps discovered:
D:1:      ncdulo_wetmaze, layout_basic, lemuel_old_faithful
D:2:      minmay_recursive_quarters, layout_basic, okawaru_altar_gauntlet_db
D:3:      layout_loops_ring, nicolae_tso_swordbearing_angel
D:4:      layout_basic, nemelex_altar_shiori
D:5:      layout_basic, minmay_misc_feat_diagonals
D:6:      layout_rooms, zin_angel, kennysheep_little_box, temple_doors_e,
          grunt_dithmenos_shadows, uniq_menkaure
D:7:      layout_loops_cross, nicolae_overflow_crystal_walls,
          lemuel_mausoleum_altar_yredelemnul, uniq_crazy_yiuf_cottage
D:8:      layout_rooms, vehumet_altar_wand_db, lemuel_doored_altar,
          minmay_evil_grid, uniq_psyche
D:9:      layout_basic, lemuel_round_altar, lemuel_round_altar,
          marbit_many_paths, zombieorc1_lemuel
D:10:     layout_roguey, special_room [special_room_orc], ebering_ghost_xom,
          hangedman_decor_slide_cut, kennysheep_cluttered_room
D:11:     layout_loops_cross, erik_lair_orcish_takeover, enter_bailey_8,
          hangedman_pestilent_swarm
D:12:     layout_loops_ring, minmay_diced_spiral
D:13:     layout_cave_pools, david_vaults_1, corner_web_ring
D:14:     layout_irregular_city, gauntlet_entry_generic
D:15:     gammafunk_depths_entry_grave, layout_loops_ring,
          ploomutoo_gammafunk_ghost_potion_laboratory, uniq_agnes
Temple:   hc_temple_tempest_star
Lair:1:   layout_big_grid, dpeg_stationary_puzzle
Lair:2:   layout_long_grid
Lair:3:   layout_loops_ring, minmay_shoals_entry_centaurs,
          minmay_snake_entry_six_corridors, uniq_prince_ribbit2
Lair:4:   layout_long_grid, portal_ice_cave_entry_ice_beasts,
          gammafunk_ghost_split, grunt_megastairs_5, serial_bayou_shore_b,
          minmay_lair_oklob_chamber
Lair:5:   layout_regular_city, hangedman_lair_unloving_vines,
          bobbens_ice_dragon_lair
Lair:6:   hangedman_lair_tendril_chambers, layout_regular_city, slime_altar_2,
          lemuel_fruit_fields
Shoals:1: layout_shoals
Shoals:2: layout_shoals, uniq_polyphemus
Shoals:3: layout_shoals, nicolae_shoals_seven_spires,
          nicolae_shoals_aquamancer_cove
Shoals:4: shoals_end_grunt_garden, layout_shoals, serial_shops,
          nicolae_shop_behind_doors, nicolae_shoals_cliffside_cave, uniq_nikola,
          uniq_louise
Snake:1:  layout_onion_interference, st_stairs_11, serial_bayou_shore_a,
          grunt_megastairs_1, minmay_shoptagon, uniq_aizul, uniq_azrael
Snake:2:  layout_misc_corridors, serial_bayou_pond_b, serial_bayou_pond_d,
          uniq_vashnia
Snake:3:  cheibrodos_snake_ritualist_ritual, layout_chambers,
          grunt_ministairs_1, uniq_mara, uniq_saint_roka
Snake:4:  snake_hunt, layout_cave_pods, serial_shops, shop, st_stairs_9,
          serial_bayou_shore_b, uniq_asterion, uniq_roxanne
Slime:1:  layout_caves
Slime:2:  layout_caves
Slime:3:  layout_caves, uniq_dissolution
Slime:4:  layout_caves
Slime:5
Orc:1:    layout_caves, serial_shops, shop, basic_altar, nicolae_orc_bridge_out
Orc:2:    grunt_orc_cross, layout_diamond_mine, basic_altar
Elf:1:    layout_loops_corners, gammafunk_ghost_split, serial_shops,
          nicolae_shop_crystal, minmay_elf_demonology, grunt_megastairs_2
Elf:2:    layout_onion_city
Elf:3:    grunt_elf_hall_asides, layout_loops_cross, gammafunk_ghost_arena,
          minivault_15, minmay_misc_feat_five, hex_tiny
Vaults:1: hangedman_vaults_slice, v_misc_31, nicolae_vaults_ring_of_whatevers,
          nicolae_vaults_ninety_degrees, vaults_room_glass_cross,
          vaults_room_pools, v_misc_15, hangedman_vaults_locks,
          vaults_room_pool, vaults_room_door_ring, v_misc_2,
          vaults_room_stairs_pillars, layout_vaults_ring
Vaults:2: vaults_room_fours, nicolae_vaults_network_quinsquares
          [nicolae_vaults_network_quincunx_subvault,
          nicolae_vaults_network_quincunx_subvault,
          nicolae_vaults_network_quincunx_subvault,
          nicolae_vaults_network_quincunx_subvault],
          nicolae_vaults_little_squares_6, hangedman_vaults_stitches,
          nicolae_vaults_network_square, ontoclasm_vaults_twist,
          hangedman_vaults_impose, hangedman_vaults_corner,
          nicolae_vaults_little_squares_1, v_misc_28, layout_vaults_omnibox,
          uniq_jory
Vaults:3: st_spiral_rooms, grunt_vaults_trifunnel, v_rooms_4,
          grunt_vaults_diagonal, v_misc_27, v_alt_pattern_2,
          ontoclasm_vaults_ring_large, v_pattern_1, vaults_dpeg_ring,
          blue_anna_dwarven_crypt, ontoclasm_vaults_ring_small, v_misc_18,
          nicolae_vaults_little_squares_5, vaults_mumra_chevron,
          hangedman_vaults_stretched_pinwheel, layout_vaults_maze
Vaults:4: nicolae_vaults_network_barrier, nicolae_vaults_circle_grid_b,
          vaults_dpeg_hooks, ontoclasm_vaults_pinch, ontoclasm_vaults_hangar,
          ontoclasm_vaults_ring_large, hangedman_vaults_stretched_pinwheel,
          hangedman_vaults_hard_town_square, grunt_vaults_hallway_short,
          v_misc_22, hangedman_vaults_variations, hangedman_vaults_hat,
          vaults_room_pools, ontoclasm_vaults_chip, layout_vaults_big_cross
Vaults:5
Crypt:1:  layout_gridlike, grunt_megastairs_3
Crypt:2:  layout_chaotic_city
Crypt:3:  due_elkab, layout_chaotic_city, fountainhead, uniq_xtahua,
          uniq_frederick
Depths:1: layout_long_grid, pan_entry, evilmike_ruin_ashenzari,
          lightli_too_deep, minmay_misc_feat_tower,
          hangedman_decor_diamond_cutter, kennysheep_generic_room_8,
          uniq_enchantress
Depths:2: hangedman_spin_cycle, hell_entry
Depths:3: minmay_the_grid_octo_tiled_octocenter_mashed
          [minmay_the_grid_octo_checkered, minmay_the_grid_octo_77,
          minmay_the_grid_octo_toaster, minmay_the_grid_octo_vomiting_pacman,
          minmay_the_grid_octo_prize_ultimate_mussel_roller,
          minmay_the_grid_square_5x5_corner, minmay_the_grid_square_5x5_shrine1,
          minmay_the_grid_square_5x5_trominoes,
          minmay_the_grid_square_5x5_inset], layout_honeycomb, enter_ziggurat_b,
          serial_bayou_pond_b, grunt_hell_entry_dis_grunt,
          rand_demon_pan_entry_3, lightli_corner_chamber
Depths:4: grunt_arcs, layout_basic, hell_entry, abyss_entry_small_statue_room,
          chequers_serial_rivers_small_3, serial_bayou_lake_a, uniq_mennas
Depths:5: evilmike_zot_entry_diamond, layout_cave_shapes,
          minmay_misc_feat_plants, pf_dread_powers_of_hell,
          grunt_pan_entry_zigzag, minivault_16, grunt_absolute_annihilation,
          minmay_shop_grove, uniq_margery
Hell
Geh:1:    layout_gehenna_lava_caves
Geh:2:    layout_gehenna_pools_triple
Geh:3:    layout_gehenna_pools_box
Geh:4:    layout_gehenna_pools_basic
Geh:5:    layout_gehenna_lava_caves, nicolae_geh_amphitheater
Geh:6:    layout_gehenna_pools_triple
Geh:7:    geh_grunt_pentagon
Coc:1:    layout_cocytus_water_paths
Coc:2:    layout_cocytus_water_paths
Coc:3:    layout_ice_bergs
Coc:4:    layout_cocytus_water_paths
Coc:5:    layout_cocytus_water_paths
Coc:6:    layout_cocytus_water_paths
Coc:7:    coc_mu
Zot:1:    layout_basic
Zot:2:    layout_misc_corridors, gammafunk_ghost_crypt, grunt_megastairs_4
Zot:3:    layout_basic
Zot:4:    layout_cathedral_of_symmetry
Zot:5:    layout_basic

Skill      XL: |  1  2  3  4  5  6  7  8  9 10 11 12 13 14 15 16 17 18 19 20 21 22 23 24 25 26 27 |
---------------+----------------------------------------------------------------------------------+-----
Fighting       | 5 7 8 9 10 12 14 16 17 18 19 20 25 | 25.0
Armour         | 1 3 4 5 6 7 8 9 10 11 12 13 14 16 | 16.1
Invocations    | 1 2 3 5 7 9 10 15 | 15.8
Axes           | 1 2 5 8 10 12 13 15 16 17 18 19 20 21 22 23 24 25 27 | 27.0
Evocations     | 1 3 4 5 6 7 8 10 11 12 | 12.2
Shields        | 1 2 3 4 5 6 7 9 10 12 13 14 15 16 17 18 24 | 24.1
Spellcasting   | 13 | 13.7
Earth Magic    | 10 | 10.0
Long Blades    | |  2.4
Maces & Flails | |  1.0
Throwing       | |  1.5

Action                   |  1- 3 |  4- 6 |  7- 9 | 10-12 | 13-15 | 16-18 | 19-21 | 22-24 | 25-27 || total
-------------------------+-------+-------+-------+-------+-------+-------+-------+-------+-------++-------
Melee: Falchion          |    99 |    61 |       |       |       |       |       |       |       ||   160
       Whip              |       |   186 |    78 |       |       |       |       |       |       ||   264
       War axe           |       |       |   285 |    55 |       |       |       |       |       ||   340
       Broad axe         |       |       |       |   507 |  1010 |  1252 |  1355 |  2068 |  8019 || 14211
Throw: Boomerang         |       |       |       |     3 |       |       |       |       |       ||     3
Invok: Heroism           |       |       |       |       |     1 |     2 |     2 |     4 |       ||     9
       Finesse           |       |       |       |       |       |       |     1 |     1 |       ||     2
 Abil: Evoke Blink       |       |       |       |       |       |       |       |       |     7 ||     7
Evoke: Wand              |       |       |    13 |    16 |    31 |    66 |    40 |    10 |     7 ||   183
       Box of beasts     |       |       |       |     2 |     2 |       |       |       |     6 ||    10
       Phial of floods   |       |       |       |       |       |     1 |       |       |       ||     1
  Use: Scroll            |       |     4 |     7 |    13 |    10 |    12 |    11 |    18 |    39 ||   114
 Stab: Paralysed         |       |       |       |       |    10 |     1 |     1 |     8 |     1 ||    21
       Petrified         |       |       |       |       |     2 |     4 |       |       |       ||     6
       Petrifying        |       |       |       |       |     1 |     2 |       |       |       ||     3
       Distracted        |       |       |       |       |       |     1 |       |     2 |     2 ||     5
       Confused          |       |       |       |       |       |       |       |       |    10 ||    10
Armor: Robe              |     8 |       |       |       |       |       |       |       |       ||     8
       Chain mail        |    21 |   141 |       |       |       |       |       |       |       ||   162
       Ring mail         |     3 |       |       |       |       |       |       |       |       ||     3
       Gold dragon scale |       |    23 |   450 |   369 |   486 |   450 |   351 |   560 |  2143 ||  4832
Dodge: Dodged            |    61 |   103 |    62 |    87 |   177 |   211 |   162 |   204 |   532 ||  1599
Block: Kite shield       |       |       |    71 |   246 |   188 |       |       |       |       ||   505
       Tower shield      |       |       |       |       |   509 |  1217 |  1094 |  1443 |  6551 || 10814
       Rpst.: Falchion   |    22 |    17 |       |       |       |       |       |       |       ||    39

Table legend: (Time is in decaauts)
 A = Elapsed time spent in this place.
 B = Non-inter-level travel time spent in this place.
 C = Inter-level travel time spent in this place.
 D = Time resting spent in this place.
 E = Time spent auto-exploring this place.
 F = Levels seen in this place.
 G = Mean time per level.
                   A        B        C        D        E       F      G
               +--------+--------+--------+--------+--------+-----+--------+
         Total |  84428 |  78074 |   6354 |  17836 |  34148 |  84 | 1005.1 |
       Dungeon |  19593 |  17133 |   2460 |   3367 |  10134 |  15 | 1306.2 |
        Temple |    170 |    168 |      2 |      0 |     88 |   1 |  170.0 |
          Lair |   7527 |   6854 |    673 |   1395 |   3969 |   6 | 1254.5 |
        Shoals |   5589 |   5401 |    188 |   1858 |   1830 |   4 | 1397.2 |
     Snake Pit |   6820 |   6538 |    282 |   1937 |   2820 |   4 | 1705.0 |
    Slime Pits |   1230 |   1191 |     39 |    504 |     18 |   5 |  246.0 |
  Orcish Mines |   2623 |   2257 |    366 |    754 |    944 |   2 | 1311.5 |
   Elven Halls |   6326 |   5933 |    393 |   2109 |   2071 |   3 | 2108.7 |
        Vaults |   8390 |   7808 |    582 |    961 |   4540 |   5 | 1678.0 |
         Crypt |   3077 |   2922 |    155 |    227 |   1669 |   3 | 1025.7 |
        Depths |  10158 |   9451 |    707 |   3456 |   2794 |   5 | 2031.6 |
          Hell |    600 |    573 |     27 |      0 |    245 |   1 |  600.0 |
       Gehenna |   1506 |   1495 |     11 |      2 |    127 |   7 |  215.1 |
       Cocytus |   1755 |   1755 |      0 |     56 |     23 |   7 |  250.7 |
           Zot |   5632 |   5171 |    461 |    458 |   2573 |   5 | 1126.4 |
         Abyss |   2054 |   2054 |      0 |     82 |      0 |   8 |  256.8 |
        Bailey |    592 |    592 |      0 |    325 |     89 |   1 |  592.0 |
      Ice Cave |    412 |    412 |      0 |    312 |      0 |   1 |  412.0 |
      Gauntlet |    367 |    367 |      0 |     26 |    208 |   1 |  367.0 |
               +--------+--------+--------+--------+--------+-----+--------+

Top non-repeatable levels by time:
   Elf:2: 2844 daAuts
Depths:2: 2501 daAuts
Depths:3: 2298 daAuts
Depths:4: 2161 daAuts
Shoals:3: 2115 daAuts
    D:15: 2051 daAuts
 Snake:3: 1991 daAuts
Vaults:2: 1958 daAuts
Depths:5: 1935 daAuts
Vaults:1: 1916 daAuts
Vaults:5: 1859 daAuts
 Snake:1: 1837 daAuts
   Orc:2: 1772 daAuts
   Elf:3: 1746 daAuts
Shoals:2: 1740 daAuts
